Map: Celestial Enclave LE

Players

TheZeus - Winner!

  • Race: Terran Terran
  • Spawn Location: 1:00

VOD

Have the link to the VOD?

Description

Time

  • Played on: Aug. 31, 2026, 8:19 a.m.
  • Length: 9:33
Show
View Real Time Build Order
Export as new Build Order

TheZeus Terran - Winner!

Build Orders:  

Get SALT Encoding   

  8  0:09  SCV  
  9  0:26  SCV  
  10  0:41  Supply Depot  
  10  0:43  SCV  
  11  1:00  SCV  
  12  1:14  Barracks  
  12  1:18  SCV  
  13  1:35  SCV  
  14  1:52  SCV  
  15  2:12  SCV  
  16  2:20  Marine  
  17  2:30  Command Center  
  17  2:33  SCV  
  18  2:45  Marine, Supply Depot  
  18  2:49  SCV  
  20  3:02  Supply Depot  
  20  3:07  SCV  
  21  3:15  Marine  
  22  3:25  Barracks  
  22  3:30  SCV  
  23  3:40  Marine  
  23  3:47  SCV  
  25  3:52  Supply Depot  
  25  4:04  SCV  
  25  4:05  Marine  
  27  4:12  Barracks  
  27  4:13  SCV  
  28  4:30  Marine  
  28  4:36  SCV  
  28  4:38  Marine  
  31  4:44  Supply Depot  
  31  4:49  SCV  
  32  4:53  SCV  
  32  4:55  Marine  
  34  5:03  Marine  
  34  5:06  SCV  
  36  5:10  SCV  
  37  5:20  Marine  
  37  5:23  SCV  
  37  5:27  SCV  
  37  5:28  Marine  
  41  5:35  Marine  
  35  5:40  SCV  
  42  5:43  Command Center  
  42  5:45  Marine  
  42  5:47  SCV  
  45  5:53  Marine  
  45  5:56  SCV  
  46  6:20  Marine x2  
  46  6:21  Marine  
  46  6:23  SCV x2  
  48  6:35  Barracks  
  48  6:40  Barracks, SCV x2  
  48  6:45  Marine x3  
  53  6:50  Supply Depot  
  53  6:57  SCV x2  
  54  7:10  Marine x3  
  54  7:12  Barracks  
  54  7:14  SCV x2  
  54  7:18  Barracks  
  58  7:29  Supply Depot  
  58  7:31  SCV x3  
  58  7:35  Marine x3  
  64  7:47  Marine x2  
  64  7:48  SCV x3  
  67  8:00  Marine x3  
  67  8:06  Supply Depot  
  67  8:08  SCV x2  
  72  8:12  Marine x2  
  74  8:25  Marine x3  
  77  8:35  Barracks  
  77  8:37  Barracks, Marine x2  
  79  8:40  Command Center  
  79  8:45  SCV  
  79  8:50  Marine x3  
  79  8:57  Marine  
  79  8:58  Marine  
  81  9:02  Marine x2  
Tags
 
Add a new tag
Caveats
  • Supply blocks, unpowered buildings, or Contaminate may cause inaccurate times.
  • Supply counts are checked every 10 seconds.